 Dungeon Crawl Stone Soup version 0.30-a0-556-g0a0f5a245f (webtiles) character file.

Game seed: 16600426210043561692

8231 M4edhros the Martial Artist (level 11, 0/75 HPs)
             Began as an Octopode Artificer on Dec 27, 2022.
             Was a Priest of Cheibriados.
             Shot with an arrow by a centaur (14 damage)
             ... on level 10 of the Dungeon.
             The game lasted 00:14:34 (8800 turns).

M4edhros the Martial Artist (Octopode Artificer)    Turns: 8800, Time: 00:14:35

Health: 0/75       AC:  1    Str: 19    XL:     11   Next: 27%
Magic:  11/11      EV: 20    Int: 21    God:    Cheibriados [***...]
Gold:   578        SH:  0    Dex: 26    Spells: 10/10 levels left

rFire   . . .      SeeInvis .      - Unarmed
rCold   . . .      Faith    .    (no shield)
rNeg    . . .      Spirit   .    (helmet restricted)
rPois   .          Reflect  .    (no amulet)
rElec   .          Harm     .    (no ring)
rCorr   .          Rampage  .    (no ring)
Will    .....                    (no ring)
Stlth   ++++++                   (no ring)
HPRegen 0.32/turn                (no ring)
MPRegen 0.12/turn                (no ring)
                                 (no ring)
                                 (no ring)

@: very slow
A: almost no armour, amphibious, 8 rings, camouflage 1, gelatinous body 1,
(nimble swimmer 1), tentacles
a: Renounce Religion, Bend Time, Temporal Distortion


You were on level 10 of the Dungeon.
You worshipped Cheibriados.
Cheibriados was most pleased with you.
You visited 2 branches of the dungeon, and saw 11 of its levels.
You also visited: Bailey.

You collected 578 gold pieces.

Inventory:

Missiles
 f - 25 poisoned darts
Wands
 c - a wand of roots (1)
Scrolls
 a - 3 scrolls of fear {unknown}
 b - 2 scrolls of silence {unknown}
 g - a scroll of amnesia {unknown}
 i - 2 scrolls of noise {unknown}
 k - 12 scrolls of identify {unknown}
 l - 8 scrolls of teleportation {unknown}
 m - 2 scrolls of enchant weapon {unknown}
 n - a scroll of magic mapping {unknown}
 o - 3 scrolls of enchant armour {unknown}
 q - 2 scrolls of torment {unknown}
 s - a scroll of fog {unknown}
 w - 2 scrolls of immolation {unknown}
Potions
 d - a potion of mutation {unknown}
 e - 2 potions of magic {unknown}
 h - a potion of might
 u - a potion of resistance
 v - 4 potions of brilliance


   Skills:
 + Level 7.1 Fighting
 + Level 7.6 Dodging
 + Level 10.1 Stealth
 * Level 10.2 Unarmed Combat
 - Level 7.7 Evocations


You had 10 spell levels left.
You didn't know any spells.
Your spell library contained the following spells:

 Spells                   Type           Power      Damage    Failure   Level
 Apportation              Tloc           0%         N/A       19%         1
 Cigotuvi's Dreadful Rot  Necr/Pois/Air  0%         N/A       26%         2
 Ensorcelled Hibernation  Hex/Ice        0%         N/A       26%         2
 Passwall                 Tmut/Erth      0%         N/A       26%         2
 Poisonous Vapours        Pois/Air       0%         N/A       26%         2
 Kindle Blastsparks       Fire/Tloc/Air  0%         2d10      47%         3
 Mephitic Cloud           Conj/Pois/Air  0%         N/A       47%         3
 Swiftness                Air            0%         N/A       47%         3
 Manifold Assault         Tloc           0%         N/A       87%         4
 Passage of Golubria      Tloc           0%         N/A       87%         4
 Ignition                 Fire           0%         3d3       100%        8


Dungeon Overview and Level Annotations

Branches:
Dungeon (10/15)            Temple (1/1) D:6          Bailey (visited)
   Lair: D:8-11         Orc: D:9-12

Altars:
Ashenzari
Cheibriados
Dithmenos
Elyvilon
Fedhas
Gozag
Hepliaklqana
Kikubaaqudgha
Makhleb
Nemelex Xobeh
Okawaru
Qazlal
Ru
Sif Muna
Trog
Uskayaw
Vehumet
Wu Jian
Xom

Shops:
D:2 :   D:8 :


Innate Abilities, Weirdness & Mutations

You cannot wear most types of armour.
You are amphibious.
You can wear up to eight rings at the same time.
Your skin changes colour to match your surroundings (Stealth+).
Your rubbery body absorbs attacks. (AC +1, EV +1)
((You are camouflaged when in or above water. (Stealth+)))
You have tentacles for arms and can constrict up to eight enemies at once.


Message History

* * * LOW HITPOINT WARNING * * *
You feel much better. Snorg closely misses you.
Snorg claws you but does no damage. Snorg closely misses you.
The howler monkey hoots and howls with incredible vigour!
Snorg misses you. Snorg claws you! Snorg closely misses you.
You hear two shouts!
You hear an angry buzzing noise. x2; You hear a shout!
You hear an angry buzzing noise. x2; You hear a shout!
You bludgeon Snorg! You squeeze Snorg.
Snorg is almost dead.
The howler monkey completely misses you.
Snorg closely misses you. Snorg claws you! Snorg misses you.
You tentacle-slap Snorg.
Snorg is almost dead.
The howler monkey barely misses you. Snorg closely misses you. Snorg claws you!
* * * LOW HITPOINT WARNING * * *
Snorg misses you.
You bludgeon Snorg!
You kill Snorg!
Cheibriados thoroughly appreciates the change of pace.
The howler monkey hoots and howls with incredible vigour!
You hear an angry buzzing noise.
Your Stealth skill increases to level 10!
You closely miss the howler monkey. You grab the howler monkey.
You tentacle-slap the howler monkey.
The howler monkey is moderately wounded.
You constrict the howler monkey. The howler monkey closely misses you.
You bludgeon the howler monkey!
The howler monkey is almost dead.
You constrict the howler monkey.
You kill the howler monkey!
Cheibriados thoroughly appreciates the change of pace.
You start resting.
A centaur comes into view.
A centaur is nearby!
A centaur is nearby!
The centaur wields a +0 shortbow.
The centaur shoots an arrow.
The arrow hits you!
* * * LOW HITPOINT WARNING * * *
You feel better.
The centaur shoots an arrow.
The arrow hits you!
You die...

........''........
.........#........
.........#........
.......>.#........
...##...##........
#+ ###c##........
#####'#.........
#.........#####
#......@..######
#...............
#...#+#.........
#... #.†.......
#... #.........
#... .......... ..
...........
..........##
.............


You could see a centaur.

Vanquished Creatures
  Snorg (D:10)
  A vault guard (Bailey)
  Amaemon (D:9)
  A cyclops (D:7)
  Prince Ribbit (D:5)
  Grinder (D:6)
  A shadow (D:9)
  A wyvern (D:8)
  5 humans (Bailey)
  A wraith (D:10)
  Menkaure (D:5)
  2 vampire mosquitoes (D:9)
  Edmund (D:4)
  An acid dragon (D:9)
  4 water moccasins
  Duvessa (D:7)
  2 orc warriors
  A sky beast (D:6)
  An ice beast (D:6)
  3 centaurs
  A phantom (D:6)
  A kobold brigand (D:6)
  A gnoll sergeant (D:5)
  11 bullfrogs
  A necrophage (D:6)
  2 scorpions
  6 wights
  Dowan (D:7)
  3 howler monkeys
  3 jellies
  An orc priest (D:6)
  Crazy Yiuf (D:4)
  2 gnoll boudas (D:7)
  3 hounds
  Jessica (D:3)
  2 iguanas
  Terence (D:2)
  2 orc wizards (D:4)
  8 adders
  3 shadow imps
  A white imp (D:7)
  2 ufetubi
  3 worms
  2 dart slugs
  17 orcs
  5 bats (D:1)
  4 endoplasms
  5 giant cockroaches
  11 goblins
  8 hobgoblins
  17 kobolds
  6 quokkas
  6 ball pythons
  4 frilled lizards
  7 rats
183 creatures vanquished.

Vanquished Creatures (collateral kills)
  An orange demon (D:9)
  A human (Bailey)
  An orc wizard (D:4)
  5 gnolls (D:5)
  3 orcs (D:4)
  A kobold (D:4)
12 creatures vanquished.

Vanquished Creatures (others)
  A hornet (D:9)
  A blink frog (Bailey)
  A sky beast (D:7)
  A centaur (D:4)
  3 bullfrogs
  4 fungi (D:4)
11 creatures vanquished.

Grand Total: 206 creatures vanquished

Notes
Turn   | Place    | Note
-------+----------+-------------------------------------------
     0 | D:1      | M4edhros the Octopode Artificer began the quest for the
                  | Orb.
     0 | D:1      | Reached XP level 1. HP: 13/13 MP: 1/1
   156 | D:1      | Reached XP level 2. HP: 5/18 MP: 2/2
   237 | D:1      | Reached skill level 1 in Unarmed Combat
   322 | D:2      | Noticed Terence
   328 | D:2      | Reached XP level 3. HP: 13/23 MP: 3/3
   328 | D:2      | Killed Terence
   473 | D:2      | Found Roasis's Book Boutique.
   608 | D:3      | Reached XP level 4. HP: 25/28 MP: 4/4
   624 | D:3      | Noticed Jessica
   633 | D:3      | Killed Jessica
  1003 | D:3      | Reached XP level 5. HP: 32/34 MP: 5/5
  1035 | D:4      | Reached XP level 6. HP: 18/40 MP: 6/6
  1136 | D:4      | Noticed Edmund
  1145 | D:4      | Killed Edmund
  1198 | D:4      | Reached XP level 7. HP: 21/45 MP: 7/7
  1469 | D:4      | Got the Folio of Pyromania and Elsewhere
  1545 | D:5      | Entered Level 5 of the Dungeon
  1645 | D:5      | Noticed Menkaure
  1654 | D:5      | Killed Menkaure
  2092 | D:5      | Reached skill level 5 in Evocations
  2197 | D:5      | Reached skill level 5 in Stealth
  2206 | D:5      | Reached XP level 8. HP: 15/52 MP: 8/8
  2430 | D:5      | Noticed Prince Ribbit
  2458 | D:5      | Killed Prince Ribbit
  2459 | D:5      | Reached skill level 5 in Unarmed Combat
  2643 | D:6      | Noticed Grinder
  2645 | D:6      | Paralysed by Grinder for 5 turns
  2656 | D:6      | Killed Grinder
  2808 | D:6      | Found a staircase to the Ecumenical Temple.
  2814 | Temple   | Entered the Ecumenical Temple
  2834 | Temple   | Became a worshipper of Cheibriados the Contemplative
  3118 | D:1      | Found a faded altar of an unknown god.
  3551 | D:2      | Reached * piety under Cheibriados
  4313 | D:4      | Found a runed translucent door.
  4314 | D:4      | Noticed Crazy Yiuf
  4324 | D:4      | Killed Crazy Yiuf
  4507 | D:6      | Reached skill level 5 in Dodging
  4584 | D:6      | Reached XP level 9. HP: 33/59 MP: 9/9
  5542 | D:7      | Found a shadowy altar of Dithmenos.
  5554 | D:7      | Found a hazy altar of Hepliaklqana.
  5636 | D:7      | Reached ** piety under Cheibriados
  5672 | D:7      | Found a flagged portal.
  5690 | Bailey   | Entered a bailey
  5769 | Bailey   | HP: 3/60 [bullfrog (6)]
  5779 | Bailey   | Reached skill level 5 in Fighting
  5805 | Bailey   | Reached XP level 10. HP: 34/66 MP: 10/10
  6060 | Bailey   | Noticed a vault guard
  6075 | Bailey   | Killed a vault guard
  6160 | Bailey   | Noticed a vault guard
  6613 | D:7      | Reached *** piety under Cheibriados
  6918 | D:7      | Noticed a cyclops
  6933 | D:7      | Killed a cyclops
  6944 | D:7      | Noticed Dowan
  6945 | D:7      | Noticed Duvessa
  6955 | D:7      | Killed Duvessa
  6957 | D:7      | Killed Dowan
  7033 | D:7      | Found a shimmering altar of Xom.
  7549 | D:8      | Found Mehab's Book Shop.
  7691 | D:9      | Noticed Amaemon
  7692 | D:9      | Noticed an orange demon
  7703 | D:9      | Killed an orange demon
  8148 | D:9      | Reached XP level 11. HP: 56/74 MP: 11/11
  8332 | D:9      | Killed Amaemon
  8639 | D:10     | Entered Level 10 of the Dungeon
  8655 | D:10     | Reached skill level 10 in Unarmed Combat
  8767 | D:10     | Noticed Snorg
  8790 | D:10     | Killed Snorg
  8791 | D:10     | Reached skill level 10 in Stealth
  8800 | D:10     | Shot with an arrow by a centaur

Illustrated notes

Levels and vault maps discovered:
D:1:      dpeg_arrival_short_road, layout_basic,
          chequers_ecumenical_altar_simple
D:2:      minmay_chambers_of_ones, layout_rooms, serial_shops,
          nicolae_square_shop, uniq_terence
D:3:      layout_basic, uniq_jessica
D:4:      layout_cave_pools, st_stairs_5, uniq_crazy_yiuf_cottage, uniq_edmund
D:5:      layout_basic, uniq_prince_ribbit1, uniq_menkaure
D:6:      layout_basic, minmay_temple_entry_butterflies, uniq_grinder
D:7:      minmay_spotlight, layout_rooms, grunt_dithmenos_smoke_and_mirrors,
          kennysheep_mini_moat, kennysheep_mini, enter_bailey_5, uniq_duvessa
D:8:      layout_loops_ring, serial_shops, shop_statue
D:9:      layout_basic, uniq_amaemon
D:10:     kennysheep_steamy, layout_basic, lair_entry_dummy, minivault_13,
          uniq_snorg
Temple:   nicolae_temple_bog_church

Skill      XL: |  1  2  3  4  5  6  7  8  9 10 11 |
---------------+----------------------------------+-----
Unarmed Combat | 1 2 3 4 6 8 9 10 | 10.2
Stealth        | 2 3 4 5 6 8 9 10 | 10.1
Dodging        | 3 4 5 6 7 |  7.6
Fighting       | 2 3 4 5 6 7 |  7.1
Evocations     | 4 5 6 7 |  7.7

Action                   |  1- 3 |  4- 6 |  7- 9 | 10-12 || total
-------------------------+-------+-------+-------+-------++-------
Melee: Unarmed           |    38 |    79 |   243 |   159 ||   519
       Constrict         |    13 |    22 |    48 |    26 ||   109
       Tentacles         |    11 |    14 |    70 |    43 ||   138
       Punch             |       |     5 |    17 |     9 ||    31
Evoke: Wand              |     1 |     6 |    33 |    12 ||    52
  Use: Potion            |       |     4 |     6 |     8 ||    18
 Stab: Sleeping          |     1 |     2 |    23 |     7 ||    33
       Betrayed ally     |       |       |       |     1 ||     1
Armor: Skin              |     3 |     6 |    10 |     7 ||    26
Dodge: Dodged            |    24 |    58 |   189 |   143 ||   414

Table legend: (Time is in decaauts)
 A = Elapsed time spent in this place.
 B = Non-inter-level travel time spent in this place.
 C = Inter-level travel time spent in this place.
 D = Time resting spent in this place.
 E = Time spent auto-exploring this place.
 F = Levels seen in this place.
 G = Mean time per level.
                   A        B        C        D        E       F      G
               +--------+--------+--------+--------+--------+-----+--------+
         Total |  10491 |  10011 |    480 |    692 |   7432 |  12 |  874.2 |
       Dungeon |   9890 |   9430 |    460 |    522 |   7243 |  10 |  989.0 |
        Temple |     40 |     20 |     20 |      0 |      2 |   1 |   40.0 |
        Bailey |    560 |    560 |      0 |    170 |    186 |   1 |  560.0 |
               +--------+--------+--------+--------+--------+-----+--------+

Top non-repeatable levels by time:
     D:9: 1602 daAuts
     D:6: 1549 daAuts
     D:7: 1273 daAuts
     D:3: 1189 daAuts
     D:5: 1135 daAuts
     D:1: 805 daAuts
     D:4: 792 daAuts
     D:8: 692 daAuts
     D:2: 642 daAuts
  Bailey: 560 daAuts
    D:10: 208 daAuts
  Temple: 40 daAuts
